 Dungeon Crawl Stone Soup version 0.29-a0-356-g7bc237e783 (webtiles) character file.

Game seed: 4334879929248305042

749 Hubjo the Magician (level 7, -3/43 HPs)
             Began as a Deep Elf Fire Elementalist on Apr 26, 2022.
             Was an Initiate of Dithmenos.
             Slain by a fire elemental (9 damage)
             ... created by the fiery vengeance of Ignis
             ... on level 4 of the Dungeon.
             The game lasted 00:10:38 (6749 turns).

Hubjo the Magician (Deep Elf Fire Elementalist)     Turns: 6749, Time: 00:10:38

Health: -3/43      AC:  6    Str:  5    XL:     7   Next: 48%
Magic:  17/17      EV: 13    Int: 20    God:    Dithmenos [......]
Gold:   212        SH:  0    Dex: 20    Spells: 16/17 levels left

rFire   . . .      SeeInvis .   q - +2 short sword (venom)
rCold   . . .      Faith    .   (no shield)
rNeg    . . .      Spirit   .   a - +1 robe
rPois   .          Reflect  .   (no helmet)
rElec   .          Harm     .   (no cloak)
rCorr   .          Rampage  .   t - +2 pair of gloves {Dex+3}
Will    .....                   (no boots)
Stlth   +++.......              (no amulet)
HPRegen 0.14/turn               g - ring of flight
MPRegen 0.15/turn               (no ring)

@: flying, fire susceptible
A: deterioration 1, wild magic 1
a: Renounce Religion


You were on level 4 of the Dungeon.
You worshipped Dithmenos.
Dithmenos was noncommittal.
You visited 1 branch of the dungeon, and saw 4 of its levels.

You collected 212 gold pieces.

Inventory:

Hand Weapons
 f - a +0 dagger
 o - a +2 whip of electrocution
 q - a +2 short sword of venom (weapon)
 y - a +2 falchion of venom
Missiles
 w - a throwing net
Armour
 a - a +1 robe (worn)
 t - a +2 pair of gloves of dexterity (worn)
Jewellery
 g - a ring of flight (left hand)
Scrolls
 d - a scroll of magic mapping {unknown}
 e - a scroll of enchant armour
 i - a scroll of teleportation
 k - a scroll of brand weapon {unknown}
 l - a scroll of fear {unknown}
 r - 3 scrolls of identify {unknown}
 u - a scroll of fog {unknown}
 v - a scroll of immolation {unknown}
Potions
 b - a potion of magic
 c - a potion of curing {unknown}
 h - a potion of heal wounds {unknown}
 j - 2 potions of berserk rage
 m - 2 potions of resistance {unknown}
 n - a potion of cancellation
 p - a potion of degeneration {unknown}
 s - a potion of mutation
 x - a potion of lignification {unknown}
 z - a potion of ambrosia {unknown}


   Skills:
 + Level 4.0 Fighting
 - Level 2.4 Dodging
 + Level 5.4 Stealth
 + Level 5.7 Spellcasting
 - Level 1.1 Conjurations
 + Level 5.3 Fire Magic


You had 16 spell levels left.
You knew the following spells:

 Your Spells              Type           Power      Damage    Failure   Level
a - Foxfire               Conj/Fire      96%        2x1d8     5%          1

Your spell library contained the following spells:

 Spells                   Type           Power      Damage    Failure   Level
 Scorch                   Fire           70%        2d8       3%          2
 Conjure Flame            Conj/Fire      24%        6-21      13%         3
 Slow                     Hex            28%        N/A       16%         1
 Inner Flame              Hex/Fire       21%        N/A       16%         3
 Flame Wave               Conj/Fire      24%        2d7       36%         4
 Confusing Touch          Hex            7%         N/A       41%         3
 Vampiric Draining        Necr           7%         2d6       41%         3
 Dispersal                Tloc           3%         N/A       100%        6
 Disjunction              Tloc           3%         N/A       100%        8


Dungeon Overview and Level Annotations

Branches:
Dungeon (4/15)
 Temple: D:4-7

Altars:
Dithmenos
Wu Jian
Ignis


Innate Abilities, Weirdness & Mutations

Your body sometimes deteriorates upon taking damage.
Your spells are a little harder to cast, but a little more powerful.


Message History

The foxfire hits the adder.
You kill the adder!
Dithmenos accepts your kill.
No target in view!
No target in view!
Your foxfire dissipates!
Magic restored.
You see here an adder corpse.
You see here a +0 hand axe.
Things that are here:
a +0 dagger; a goblin skeleton; a bullfrog skeleton "These will know how to inflict the punishment due to you!"
The divine experience confuses you!
You are confused. 3 fire elementals come into view.
There are monsters nearby!
There are monsters nearby!
You are too confused!
You closely miss the fire elemental.
You bump into the rock wall.
The fire elemental closely misses you. The fire elemental hits you.
The fire elemental burns you!
You bump into the rock wall.
The fire elemental hits you. The fire elemental burns you!
The fire elemental completely misses you.
The fire elemental closely misses you.
It was a potion of cancellation.
Your magical effects are unravelling.
You feel magically purged.
You feel less confused. The fire elemental hits you.
The fire elemental burns you! The fire elemental hits you.
The fire elemental burns you!
* * * LOW HITPOINT WARNING * * *
The fire elemental barely misses you.
Welcome back, Hubjo the Deep Elf Fire Elementalist.
Dithmenos says: Spread the eternal night.
Press ? for a list of commands and other information.
It was a potion of mutation.
You feel extremely strange.
You feel yourself wasting away.
You feel less in control of your magic. The fire elemental barely misses you.
The fire elemental misses you. The fire elemental hits you.
The fire elemental burns you!
You die...

#)#.#.....# #.##.# #.# #.##
#.#.......###.##.####.# #.#
#.###...).............#####.##
#.# #.....#####.........##...#
#.# #........>..#######.#.###.
#.# #.#######..<# #...# #.
#.###.## #.#.# #######.###.
#......# #E#..............#
#####..######@################
#........EE.# #..######.#.#
#..# #.#)# #..# #.#.# #...#
#.#.# ...... #.#.#
........##.#.##
..............#


You could see 3 fire elementals.

Vanquished Creatures
  A water moccasin (D:4)
  An ogre (D:4)
  A gnoll sergeant (D:3)
  A bullfrog (D:4)
  3 scorpions
  A jelly (D:4)
  A hound (D:4)
  6 gnolls (D:3)
  7 adders
  A worm (D:2)
  2 dart slugs
  3 orcs
  6 ball pythons
  10 endoplasms
  A giant cockroach (D:1)
  7 goblins
  6 hobgoblins
  2 jackals (D:1)
  3 quokkas
  5 bats
  5 frilled lizards
  7 kobolds
  4 rats
84 creatures vanquished.

Vanquished Creatures (collateral kills)
  A foxfire (D:4)
1 creature vanquished.

Vanquished Creatures (others)
  419 foxfires
419 creatures vanquished.

Grand Total: 504 creatures vanquished

Notes
Turn   | Place    | Note
-------+----------+-------------------------------------------
     0 | D:1      | Hubjo the Deep Elf Fire Elementalist began the quest for
                  | the Orb.
     0 | D:1      | Reached XP level 1. HP: 10/10 MP: 6/6
   335 | D:1      | Reached XP level 2. HP: 16/16 MP: 4/8
   622 | D:1      | Found a faded altar of an unknown god.
   699 | D:1      | Reached skill level 1 in Fighting
  1951 | D:1      | Prayed at the altar of an unknown god.
  1951 | D:1      | Became a worshipper of Ignis, the Dying Flame
  2071 | D:2      | Reached XP level 3. HP: 16/20 MP: 5/9
  2832 | D:2      | Reached XP level 4. HP: 26/26 MP: 3/11
  4389 | D:3      | Reached XP level 5. HP: 28/30 MP: 3/13
  4808 | D:2      | You are sucked into a shaft and drop 2 floors!
  5486 | D:3      | Reached XP level 6. HP: 21/36 MP: 4/14
  5764 | D:4      | Found a shadowy altar of Dithmenos.
  5832 | D:4      | Noticed a water moccasin
  5838 | D:4      | Killed a water moccasin
  5839 | D:4      | Reached skill level 5 in Spellcasting
  5879 | D:4      | Found an ornate altar of the Wu Jian Council.
  5974 | D:4      | Reached skill level 5 in Stealth
  5974 | D:4      | Reached skill level 5 in Fire Magic
  5974 | D:4      | Reached XP level 7. HP: 42/42 MP: 14/17
  6576 | D:4      | Fell from the grace of Ignis
  6576 | D:4      | Became a worshipper of Dithmenos the Shadowed
  6745 | D:4      | Noticed a fire elemental
  6745 | D:4      | Noticed a fire elemental
  6745 | D:4      | Noticed a fire elemental
  6749 | D:4      | Gained mutation: Your body sometimes deteriorates upon
                  | taking damage. [potion of mutation]
  6749 | D:4      | Gained mutation: Your spells are a little harder to cast,
                  | but a little more powerful. [potion of mutation]
  6749 | D:4      | Slain by a fire elemental

Illustrated notes

Levels and vault maps discovered:
D:1:      amcnicky_arrival_feature_with_door, layout_basic,
          basic_ecumenical_altar
D:2:      layout_basic, minmay_vboxes
D:3:      layout_loops_ring, ebering_dispersal_statue_hall
D:4:      layout_loops_ring, lemuel_crystal_altar, lemuel_round_altar

Skill      XL: |  1  2  3  4  5  6  7 |
---------------+----------------------+-----
Fighting       | 1 2 3 4 |  4.0
Stealth        | 3 4 5 |  5.4
Spellcasting   | 4 5 |  5.7
Fire Magic     | 4 5 |  5.3
Dodging        | |  2.4
Conjurations   | |  1.1

Action                   |  1- 3 |  4- 6 |  7- 9 || total
-------------------------+-------+-------+-------++-------
Melee: Unarmed           |     8 |       |       ||     8
       Dagger            |    18 |    10 |       ||    28
       Short sword       |       |    11 |    15 ||    26
       Whip              |       |     2 |       ||     2
 Cast: Foxfire           |   110 |   149 |    18 ||   277
Invok: Foxfire Swarm     |       |     8 |       ||     8
       Rising Flame      |       |     1 |       ||     1
       Fiery Armour      |       |       |     1 ||     1
  Use: Potion            |       |     1 |     2 ||     3
       Scroll            |       |     2 |       ||     2
 Stab: Sleeping          |     1 |       |     2 ||     3
Armor: Robe              |     6 |    11 |     8 ||    25
Dodge: Dodged            |    17 |    26 |    17 ||    60

Table legend: (Time is in decaauts)
 A = Elapsed time spent in this place.
 B = Non-inter-level travel time spent in this place.
 C = Inter-level travel time spent in this place.
 D = Time resting spent in this place.
 E = Time spent auto-exploring this place.
 F = Levels seen in this place.
 G = Mean time per level.
                   A        B        C        D        E       F      G
               +--------+--------+--------+--------+--------+-----+--------+
         Total |   6757 |   6360 |    397 |    142 |   5463 |   4 | 1689.2 |
       Dungeon |   6757 |   6360 |    397 |    142 |   5463 |   4 | 1689.2 |
               +--------+--------+--------+--------+--------+-----+--------+

Top non-repeatable levels by time:
     D:1: 2041 daAuts
     D:2: 1948 daAuts
     D:3: 1388 daAuts
     D:4: 1379 daAuts
